 Dungeon Crawl Stone Soup version 0.29-a0-821-g66395355a5 (webtiles) character file.

Game seed: 17474010469502250424

21 blackman the Chopper (level 3, -21/29 HPs)
             Began as a Human Chaos Knight on July 7, 2022.
             Was a Plaything of Xom.
             Killed by an exploding gnoll (24 damage)
             ... ignited by their inner flame
             ... on level 2 of the Dungeon.
             The game lasted 00:02:25 (538 turns).

blackman the Chopper (Human Chaos Knight)            Turns: 538, Time: 00:02:25

Health: -21/29     AC:  5    Str: 14    XL:     3   Next: 5%
Magic:  3/3        EV: 11    Int: 12    God:    Xom [..*...]
Gold:   13         SH:  0    Dex: 12    Spells: 2/2 levels left

rFire   . . .      SeeInvis .   a - +0 hand axe (chaos)
rCold   . . .      Faith    .   (no shield)
rNeg    . . .      Spirit   .   b - +2 leather armour
rPois   .          Reflect  .   (no helmet)
rElec   .          Harm     .   g - scarf {repulsion}
rCorr   .          Rampage  .   (no gloves)
Will    .....                   (no boots)
Stlth   +.........              (no amulet)
HPRegen 0.09/turn               (no ring)
MPRegen 0.08/turn               (no ring)

@: repel missiles
A: no striking features
a: Renounce Religion


You were on level 2 of the Dungeon.
You worshipped Xom.
You were a toy of Xom.
You visited 1 branch of the dungeon, and saw 2 of its levels.

You collected 13 gold pieces.

Inventory:

Hand Weapons
 a - a +0 hand axe of chaos (weapon)
Armour
 b - a +2 leather armour (worn)
 g - a scarf of repulsion (worn)
Scrolls
 f - a scroll of identify
Potions
 e - a potion of mutation
Miscellaneous
 c - a piece from Xom's chessboard (15/15) (quivered)


   Skills:
 - Level 3.0 Fighting
 + Level 4.0 Axes
 - Level 2.0 Armour
 - Level 1.0 Dodging


You had 2 spell levels left.
You didn't know any spells.
Your spell library contained the following spells:

 Spells                   Type           Power      Damage    Failure   Level
 Foxfire                  Conj/Fire      0%         2x1d4     38%         1
 Conjure Flame            Conj/Fire      0%         6-21      77%         3
 Inner Flame              Hex/Fire       0%         N/A       77%         3
 Flame Wave               Conj/Fire      0%         2d4       99%         4


Dungeon Overview and Level Annotations

Branches:
Dungeon (1/15)

Altars:

Shops:
D:1 ?   D:2 =


Message History

A hobgoblin comes into view.
A gnoll comes into view. It is wielding a +0 club.
The gnoll shouts!
An iguana comes into view.
Found 11 gold pieces.
A gnoll comes into view. It is wielding a +0 flail.
The gnoll barely misses you.
You barely miss the gnoll. The gnoll closely misses you.
A goblin comes into view. It is wielding a +0 club.
Unknown command.
Unknown command.
Unknown command.
Unknown command.
The air fills with toxic fumes!
As you read the scroll labelled MAK DOYVAUKH, it crumbles to dust.
It was a scroll of poison.
The gnoll barely misses you. The gnoll misses you.
As you read the scroll labelled SITUGA FAUSK, it crumbles to dust.
The creatures around you are filled with an inner flame!
It was a scroll of immolation.
Xom thinks this is hilarious!
The gnoll is engulfed in poison gas.
The gnoll is poisoned.
Flame seeps out of the gnoll.
The gnoll barely misses you. The gnoll hits you with a +0 club.
As you read the scroll labelled ICVEM SIBE, it crumbles to dust.
It is a scroll of identify.
e - a potion of mutation Flame seeps out of the gnoll.
The hobgoblin is engulfed in poison gas.
The hobgoblin is poisoned.
The hobgoblin explodes!
The fiery explosion engulfs the gnoll!!!
The fiery explosion engulfs you!!
Ouch! That really hurt!
* * * LOW HITPOINT WARNING * * *
The fiery explosion engulfs the gnoll!!
The gnoll explodes!
The fiery explosion engulfs you!!
Ouch! That really hurt!
You die...
Xom howls with laughter!

# §# # # §# §# #### §#
§§# ....########## §##§#
.##.##.......# ##§#§# #
#.#..#.§§#.###§§§##
###.....#§#§§§##§gg§##
##.......§§§§§§§@§.l.#
........#§#§§§§§§§§§§g§#
##.....#.§§#§§§§§§§§§#.#
###......§§§§###§§§### #
###.######## #§§§# ##
#.# #### ##§## .# #.#
... §# .####.##.# ##
.........#


You could see an iguana (inner flame), 2 gnolls and a goblin (inner flame).

Vanquished Creatures
  An adder (D:2)
  2 gnolls (D:2)
  2 endoplasms (D:2)
  2 hobgoblins
  4 jackals (D:1)
  A bat (D:1)
  2 kobolds
  A rat (D:1)
15 creatures vanquished.

Vanquished Creatures (others)
  4 toadstools (D:1)
4 creatures vanquished.

Grand Total: 19 creatures vanquished

Notes
Turn   | Place    | Note
-------+----------+-------------------------------------------
     0 | D:1      | blackman the Human Chaos Knight began the quest for the
                  | Orb.
     0 | D:1      | Reached XP level 1. HP: 18/18 MP: 1/1
   125 | D:1      | XOM: silly message
   185 | D:1      | Reached XP level 2. HP: 23/24 MP: 2/2
   204 | D:1      | Found Dohid Dyli's Magic Scroll Boutique.
   272 | D:1      | You fall into a shaft and drop 1 floor!
   292 | D:2      | XOM: cloud trail
   398 | D:2      | Reached skill level 4 in Axes
   398 | D:2      | Reached XP level 3. HP: 29/29 MP: 3/3
   411 | D:2      | Found Nipnagruz's Jewellery Shop.
   538 | D:2      | Killed by an exploding gnoll... ignited by their inner
                  | flame

Illustrated notes

Levels and vault maps discovered:
D:1:      nzn_arrival_depleted_hourglass, layout_basic, serial_shops,
          nicolae_shop_trees, minmay_gold_behind_fungi
D:2:      layout_loops_ring, serial_shops, nicolae_shop_advertising_works
          [nicolae_subvault_shop_adworks]

Skill      XL: |  1  2 |
---------------+-------+-----
Axes           | 4 |  4.0
Fighting       | |  3.0
Armour         | |  2.0
Dodging        | |  1.0

Action                   || total
-------------------------++-------
Melee: Hand axe          ||    51
  Use: Scroll            ||     3
 Stab: Sleeping          ||     1
Armor: Leather armour    ||    24
Dodge: Dodged            ||    44

Table legend: (Time is in decaauts)
 A = Elapsed time spent in this place.
 B = Non-inter-level travel time spent in this place.
 C = Inter-level travel time spent in this place.
 D = Time resting spent in this place.
 E = Time spent auto-exploring this place.
 F = Levels seen in this place.
 G = Mean time per level.
                   A        B        C        D        E       F      G
               +--------+--------+--------+--------+--------+-----+--------+
         Total |    544 |    544 |      0 |      0 |    354 |   2 |  272.0 |
       Dungeon |    544 |    544 |      0 |      0 |    354 |   2 |  272.0 |
               +--------+--------+--------+--------+--------+-----+--------+

Top non-repeatable levels by time:
     D:1: 276 daAuts
     D:2: 267 daAuts
